[Event "Turkish Cup 2024"]
[Site "Denizli"]
[Date "2024.08.02"]
[Round "6"]
[White "Cakir, Ege"]
[Black "Maruflu, Enes Yusuf"]
[Result "1/2-1/2"]
[ECO "D02"]
[WhiteElo "1889"]
[BlackElo "2228"]
[Annotator "ChessBase"]
[PlyCount "69"]
[EventDate "2024.08.01"]
[EventType "swiss"]
[EventCountry "TUR"]
[SourceTitle "playchess.com"]
[Source "ChessBase"]
[SourceQuality "1"]
[TimeControl "5400+30"]

1. d4 d5 2. Nf3 Nf6 3. g3 c5 4. Bg2 cxd4 5. O-O h6 6. a3 a6 7. b4 Qc7 8. Bf4 Qb6 9. Qxd4 Qxd4 10. Nxd4 Nbd7 11. Nb3 e5 12. Bd2 Nb6 13. Na5 Be7 14. c4 Nxc4 15. Nxc4 dxc4 16. Rc1 Bd6 17. Rxc4 Ke7 18. Rc1 Rb8 19. Nc3 Bd7 20. Nd5+ Nxd5 21. Bxd5 Be6 22. Bxe6 Kxe6 23. e4 Rbc8 24. Kf1 h5 25. Rxc8 Rxc8 26. Rc1 Rxc1+ 27. Bxc1 Kd7 28. Ke2 Kc6 29. Kd3 Bc7 30. a4 Bb6 31. f3 Bd4 32. Kc4 b5+ 33. axb5+ axb5+ 34. Kd3 Kd6 35. h3 1/2-1/2

[Event "Turkish Cup 2024"]
[Site "Denizli"]
[Date "2024.08.02"]
[Round "6"]
[White "Demirci, Fatih"]
[Black "Binboga, Yaman"]
[Result "1-0"]
[ECO "A11"]
[WhiteElo "1885"]
[BlackElo "1770"]
[Annotator "NA"]
[PlyCount "119"]
[EventDate "2024.08.01"]
[EventType "swiss"]
[EventCountry "TUR"]
[SourceTitle "playchess.com"]
[Source "ChessBase"]
[SourceQuality "1"]
[TimeControl "5400+30"]

1. Nf3 d5 2. g3 c6 3. Bg2 Nf6 4. d3 h6 5. O-O Bf5 6. c4 e6 7. Qb3 Qb6 8. Be3 Qxb3 9. axb3 a6 10. Bd4 Nbd7 11. Bc3 Be7 12. b4 O-O 13. Nbd2 Rfd8 14. Nb3 Rac8 15. c5 Bh7 16. h4 Ng4 17. Bh3 h5 18. Nh2 Nxh2 19. Kxh2 Bf6 20. f3 Rc7 21. Kg2 Re8 22. Ra3 Bxc3 23. bxc3 e5 24. e4 Nf6 25. Na5 Rd8 26. Rf2 Re7 27. Re2 Ne8 28. Kf2 Bg6 29. Ra1 f6 30. Rc1 Bf7 31. Rcc2 g6 32. Rc1 Ng7 33. Rce1 dxe4 34. dxe4 Be6 35. Bf1 g5 36. Rc1 gxh4 37. gxh4 f5 38. exf5 Bxf5 39. Rce1 e4 40. Kg1 Ne6 41. fxe4 Bg4 42. Rf2 Kg7 43. Nc4 Nf8 44. Kh2 Ng6 45. Kg3 Ne5 46. Nd6 Nf7 47. Nf5+ Bxf5 48. Rxf5 Re5 49. Kf4 Rde8 50. Bc4 Rxf5+ 51. Kxf5 Ne5 52. Rg1+ Kh6 53. Be2 Nd7 54. Rg6+ Kh7 55. Rd6 Rf8+ 56. Ke6 Nf6 57. e5 Ng4 58. Rd7+ Kh6 59. Rxb7 Re8+ 60. Re7 1-0

[Event "Turkish Cup 2024"]
[Site "Denizli"]
[Date "2024.08.02"]
[Round "6"]
[White "Kayan, Veli"]
[Black "Seker, Cinar"]
[Result "0-1"]
[ECO "C56"]
[WhiteElo "1881"]
[BlackElo "1815"]
[Annotator "NA"]
[PlyCount "138"]
[EventDate "2024.08.01"]
[EventType "swiss"]
[EventCountry "TUR"]
[SourceTitle "playchess.com"]
[Source "ChessBase"]
[SourceQuality "1"]
[TimeControl "5400+30"]

1. e4 e5 2. Nf3 Nc6 3. d4 exd4 4. Bc4 Nf6 5. e5 d5 6. Bb5 Ne4 7. Nxd4 Bd7 8. Bxc6 bxc6 9. O-O Bc5 10. Be3 Bb6 11. f3 Ng5 12. f4 Ne4 13. Nd2 c5 14. N4f3 Nxd2 15. Qxd2 d4 16. Bf2 Bc6 17. f5 Qd5 18. Bh4 h6 19. Kh1 Qe4 20. e6 f6 21. Rae1 Qg4 22. Bg3 O-O-O 23. Nh4 h5 24. Rf4 Qg5 25. c4 dxc3 26. Qxc3 Kb7 27. Rc1 Rd5 28. Nf3 Qh6 29. Nd4 Qxf4 30. Bxf4 Rxd4 31. Be3 Rg4 32. Rc2 Rd8 33. h3 Rg3 34. Kh2 h4 35. Qe1 g5 36. fxg6 Rg8 37. Bf4 R3xg6 38. g3 hxg3+ 39. Bxg3 f5 40. Qe5 Be4 41. Rd2 c4 42. e7 Bg1+ 43. Kxg1 Rxg3+ 44. Kf1 Rg1+ 45. Kf2 R8g2+ 46. Ke3 Re1+ 47. Kd4 Rxd2+ 48. Kc3 Rd3+ 49. Kb4 a5+ 50. Qxa5 Bc6 51. Kxc4 Rde3 52. Qxf5 Rxe7 53. b3 R7e5 54. Qf8 R1e4+ 55. Kc3 Re3+ 56. Kb2 Re2+ 57. Ka3 Ra5+ 58. Kb4 Raxa2 59. h4 Re4+ 60. Kc3 Rxh4 61. Qd8 Rh3+ 62. Kc4 Re2 63. Kb4 Ree3 64. Qg8 Rxb3+ 65. Kc5 Rb5+ 66. Kd4 Rd5+ 67. Kc4 Re5 68. Kd4 Re4+ 69. Kc5 Rh5+ 0-1

[Event "Turkish Cup 2024"]
[Site "Denizli"]
[Date "2024.08.02"]
[Round "6"]
[White "Ozcan, Kadir Kutay"]
[Black "Torun, Selin"]
[Result "1-0"]
[ECO "C00"]
[WhiteElo "1876"]
[BlackElo "1843"]
[Annotator "NA"]
[PlyCount "67"]
[EventDate "2024.08.01"]
[EventType "swiss"]
[EventCountry "TUR"]
[SourceTitle "playchess.com"]
[Source "ChessBase"]
[SourceQuality "1"]
[TimeControl "5400+30"]

1. e4 e6 2. b3 d5 3. Bb2 dxe4 4. Nc3 Nf6 5. Qe2 Bb4 6. O-O-O Qe7 7. Nxe4 Ba3 8. Nxf6+ Qxf6 9. d4 Bxb2+ 10. Kxb2 Nc6 11. Nf3 a5 12. a4 Bd7 13. Qe4 O-O-O 14. Bb5 Rhe8 15. Ne5 Nxe5 16. dxe5 Qg6 17. Qd4 Bxb5 18. Qa7 Rd5 19. axb5 Qh5 20. Rxd5 exd5 21. f4 Qe2 22. Qa8+ Kd7 23. Qxb7 Qd2 24. Qc6+ Kd8 25. Qc5 Qxf4 26. Qxd5+ Ke7 27. Qc5+ Kd8 28. Re1 Qb4 29. Rd1+ Kc8 30. Qc6 Kb8 31. Qxe8+ Ka7 32. Qc6 Qe7 33. b6+ cxb6 34. Rd7+ 1-0

[Event "Turkish Cup 2024"]
[Site "Denizli"]
[Date "2024.08.02"]
[Round "6"]
[White "Torun, Kagan"]
[Black "Sirin, Ahmet"]
[Result "1-0"]
[ECO "D11"]
[WhiteElo "1868"]
[BlackElo "1660"]
[Annotator "NA"]
[PlyCount "103"]
[EventDate "2024.08.01"]
[EventType "swiss"]
[EventCountry "TUR"]
[SourceTitle "playchess.com"]
[Source "ChessBase"]
[SourceQuality "1"]
[TimeControl "5400+30"]

1. d4 d5 2. Nf3 Nf6 3. c4 c6 4. g3 Bg4 5. Bg2 Nbd7 6. Nc3 e6 7. Qb3 Qb6 8. O-O Be7 9. c5 Qxb3 10. axb3 Bxf3 11. Bxf3 e5 12. e3 O-O 13. b4 a6 14. dxe5 Nxe5 15. Be2 a5 16. Rxa5 Rxa5 17. bxa5 Bxc5 18. Bd2 Ra8 19. Ra1 Kf8 20. Na4 Ne4 21. Nxc5 Nxd2 22. Nxb7 Ke7 23. Nc5 Kd6 24. b4 Nec4 25. Bxc4 Nxc4 26. Kf1 Rb8 27. Nd3 Ne5 28. Nxe5 Kxe5 29. a6 Ra8 30. Ke2 Kd6 31. Kd3 Kc7 32. Kd4 Kb6 33. a7 f6 34. Ra5 h6 35. g4 Kb7 36. Kc5 g6 37. b5 cxb5 38. Rxb5+ Ka6 39. Rb6+ Kxa7 40. Rxf6 Rg8 41. Kxd5 h5 42. g5 Rd8+ 43. Ke6 Rd1 44. Rxg6 Rh1 45. Rh6 Rxh2 46. f4 Re2 47. Rxh5 Rxe3+ 48. Kf6 Kb7 49. Rh7+ Kc8 50. g6 Rf3 51. g7 Rxf4+ 52. Kg5 1-0

[Event "Turkish Cup 2024"]
[Site "Denizli"]
[Date "2024.08.02"]
[Round "6"]
[White "Callioglu, Yigit Sarp"]
[Black "Yilmaz, Kerem Tuna"]
[Result "1/2-1/2"]
[ECO "C54"]
[WhiteElo "1863"]
[BlackElo "2025"]
[Annotator "ChessBase"]
[PlyCount "105"]
[EventDate "2024.08.01"]
[EventType "swiss"]
[EventCountry "TUR"]
[SourceTitle "playchess.com"]
[Source "ChessBase"]
[SourceQuality "1"]
[TimeControl "5400+30"]

1. e4 e5 2. Nf3 Nc6 3. Bc4 Bc5 4. O-O Nf6 5. d3 d6 6. c3 a5 7. h3 Ba7 8. Re1 h6 9. Nbd2 g5 10. Nf1 g4 11. hxg4 Bxg4 12. N1h2 Qd7 13. d4 exd4 14. e5 dxe5 15. Nxe5 Bxd1 16. Nxd7+ Kxd7 17. Rxd1 Rad8 18. cxd4 Bxd4 19. Nf3 Kc8 20. Nxd4 Nxd4 21. Bf4 Rhg8 22. Kf1 Nc2 23. Rac1 Rxd1+ 24. Rxd1 Rd8 25. Rxd8+ Kxd8 26. Bxf7 Ke7 27. Bg6 Nd5 28. Bxh6 Nd4 29. Be4 Ke6 30. g4 b5 31. Be3 Nc6 32. Bxd5+ Kxd5 33. Bf4 Nb4 34. Bxc7 a4 35. Ke2 Nxa2 36. f4 Nb4 37. g5 Ke6 38. Kf3 Kf5 39. g6 Kxg6 40. Ke4 Kf6 41. Be5+ Ke6 42. f5+ Kd7 43. Bc3 Nc6 44. Kd5 b4 45. Bg7 Ne7+ 46. Ke4 Nc6 47. Kd5 Ne7+ 48. Ke4 Nc6 49. Kd3 a3 50. b3 Na5 51. Kc2 Ke7 52. Bd4 Kf7 53. Bc5 1/2-1/2

[Event "Turkish Cup 2024"]
[Site "Denizli"]
[Date "2024.08.02"]
[Round "6"]
[White "Kurdas, Halil Ibrahim"]
[Black "Kavri, Yusuf Eren"]
[Result "0-1"]
[ECO "B67"]
[WhiteElo "1855"]
[BlackElo "2090"]
[Annotator "ChessBase"]
[PlyCount "86"]
[EventDate "2024.08.01"]
[EventType "swiss"]
[EventCountry "TUR"]
[SourceTitle "playchess.com"]
[Source "ChessBase"]
[SourceQuality "1"]
[TimeControl "5400+30"]

1. e4 c5 2. Nf3 d6 3. d4 cxd4 4. Nxd4 Nf6 5. Nc3 Nc6 6. Bg5 e6 7. Qd2 a6 8. O-O-O Bd7 9. f3 Be7 10. h4 h6 11. Be3 h5 12. Kb1 Ne5 13. f4 Neg4 14. f5 b5 15. fxe6 fxe6 16. Bd3 O-O 17. Rdf1 Nxe3 18. Qxe3 Ng4 19. Qg3 Qb6 20. Nf3 b4 21. Nd1 Qc5 22. e5 dxe5 23. Ng5 Rxf1 24. Rxf1 Bxg5 25. hxg5 Rf8 26. Rh1 e4 27. Bxe4 Qxg5 28. Qd6 Nf6 29. Rf1 a5 30. Bd3 Qd5 31. Qg3 Ng4 32. Rh1 Bb5 33. Bh7+ Kxh7 34. Qxg4 g6 35. Ne3 Qe5 36. Qh3 Bc6 37. Rd1 a4 38. Nc4 Qe2 39. Ne3 b3 40. Rc1 bxc2+ 41. Ka1 Qd2 42. Qh1 Qxe3 43. Rxc2 Bb5 0-1

[Event "Turkish Cup 2024"]
[Site "Denizli"]
[Date "2024.08.02"]
[Round "6"]
[White "Tektas, Onur Efe"]
[Black "Topal, Hasan Gokmen"]
[Result "0-1"]
[ECO "B30"]
[WhiteElo "1851"]
[BlackElo "1905"]
[Annotator "ChessBase"]
[PlyCount "152"]
[EventDate "2024.08.01"]
[EventType "swiss"]
[EventCountry "TUR"]
[SourceTitle "playchess.com"]
[Source "ChessBase"]
[SourceQuality "1"]
[TimeControl "5400+30"]

1. e4 c5 2. Nf3 Nc6 3. Bb5 Nf6 4. Nc3 Qc7 5. O-O Nd4 6. d3 a6 7. Ba4 b5 8. Bb3 Nxb3 9. axb3 Bb7 10. Re1 e5 11. Bg5 Be7 12. Nd2 O-O 13. Nf1 b4 14. Ne2 d5 15. Neg3 dxe4 16. dxe4 Rad8 17. Qe2 Nd5 18. Bxe7 Nf4 19. Qc4 Qxe7 20. Ra5 Ne6 21. c3 Qc7 22. Rea1 Rd7 23. Ne3 Rfd8 24. h3 g6 25. R5a4 Rd2 26. R1a2 Qe7 27. Ngf1 R2d7 28. Nd5 Rxd5 29. exd5 Bxd5 30. Qxa6 Bxb3 31. cxb4 Bxa2 32. Rxa2 cxb4 33. Qe2 Nd4 34. Qc4 Qe6 35. Ne3 Rc8 36. Qxe6 Nxe6 37. Ra5 b3 38. Rxe5 Rc2 39. Nd1 Nf4 40. Kf1 Nd3 41. Re2 Kg7 42. g3 h5 43. Ne3 Rxb2 44. Rxb2 Nxb2 45. Ke2 Kf6 46. Kd2 Na4 47. Nc4 Kf5 48. f3 f6 49. h4 g5 50. Nd6+ Ke5 51. Nf7+ Ke6 52. Nd8+ Kd5 53. Nf7 Ke6 54. Nd8+ Kd5 55. Nf7 Ke6 56. Nd8+ Kf5 57. Nf7 Ke6 58. Nd8+ Kd5 59. Nf7 gxh4 60. gxh4 Ke6 61. Nd8+ Kf5 62. Nc6 Kf4 63. Nd4 b2 64. Kc2 Ke3 65. Nb3 Kxf3 66. Nd2+ Kg4 67. Kb3 Nc5+ 68. Kxb2 Kxh4 69. Kc3 f5 70. Kd4 Ne4 71. Nf3+ Kg3 72. Ke3 h4 73. Nd4 Kg4 74. Ke2 f4 75. Nf3 Ng5 76. Nh2+ Kg3 0-1

[Event "Turkish Cup 2024"]
[Site "Denizli"]
[Date "2024.08.02"]
[Round "6"]
[White "Koseoglu, Omer Umut"]
[Black "Cevizci, Yusuf Baran"]
[Result "1-0"]
[ECO "C01"]
[WhiteElo "1841"]
[BlackElo "2102"]
[Annotator "ChessBase"]
[PlyCount "107"]
[EventDate "2024.08.01"]
[EventType "swiss"]
[EventCountry "TUR"]
[SourceTitle "playchess.com"]
[Source "ChessBase"]
[SourceQuality "1"]
[TimeControl "5400+30"]

1. e4 e6 2. d4 d5 3. exd5 exd5 4. Nf3 Nc6 5. Bb5 Bd6 6. c4 Bb4+ 7. Nc3 Nge7 8. O-O O-O 9. Bxc6 bxc6 10. c5 Bxc3 11. bxc3 a5 12. Re1 Bg4 13. h3 Bh5 14. g4 Bg6 15. Ne5 f6 16. Nxg6 Nxg6 17. Qe2 f5 18. g5 Re8 19. Qxe8+ Qxe8 20. Rxe8+ Rxe8 21. Kf1 Rb8 22. Ke2 Kf7 23. Kf3 a4 24. Kg3 Re8 25. Bf4 Nxf4 26. Kxf4 Re2 27. f3 Ke6 28. Rb1 Rxa2 29. Rb7 Kd7 30. Kxf5 Rc2 31. Ra7 Rxc3 32. Rxa4 Rxf3+ 33. Kg4 Re3 34. h4 Re4+ 35. Kg3 h6 36. gxh6 gxh6 37. h5 Re1 38. Ra8 Rg1+ 39. Kh4 Rd1 40. Rh8 Rxd4+ 41. Kg3 Re4 42. Rxh6 Re6 43. Rh7+ Re7 44. Rh8 Rf7 45. Kg4 Ke7 46. Kg5 d4 47. h6 Rf1 48. h7 Rh1 49. Rc8 Rxh7 50. Rxc7+ Ke6 51. Rxh7 Kd5 52. Kf4 Kxc5 53. Ke4 Kc4 54. Rh1 1-0

[Event "Turkish Cup 2024"]
[Site "Denizli"]
[Date "2024.08.02"]
[Round "6"]
[White "Var, Sefa"]
[Black "Turkmen, Ataberk"]
[Result "1-0"]
[ECO "B08"]
[WhiteElo "1841"]
[BlackElo "2022"]
[Annotator "ChessBase"]
[PlyCount "145"]
[EventDate "2024.08.01"]
[EventType "swiss"]
[EventCountry "TUR"]
[SourceTitle "playchess.com"]
[Source "ChessBase"]
[SourceQuality "1"]
[TimeControl "5400+30"]

1. e4 g6 2. d4 Bg7 3. Nc3 d6 4. Nf3 Bg4 5. Be2 Nc6 6. Be3 Nf6 7. O-O O-O 8. d5 Nb8 9. h3 Bxf3 10. Bxf3 Nbd7 11. Qd2 e5 12. b4 Kh8 13. Be2 Ng8 14. f3 f5 15. Bd3 Ne7 16. Na4 f4 17. Bf2 g5 18. c4 h5 19. Be2 Nf6 20. Nc3 Ng6 21. Rfc1 Rf7 22. c5 Bf8 23. Rc2 Rg7 24. Rac1 a6 25. Qd3 Qe8 26. cxd6 Bxd6 27. b5 Qd7 28. bxa6 bxa6 29. Kf1 g4 30. hxg4 hxg4 31. fxg4 Rh7 32. Ke1 Nxg4 33. Bxg4 Qxg4 34. Qf3 Qg5 35. Ke2 Rg8 36. Rb1 Nh4 37. Bxh4 Rxh4 38. Kd3 Qh6 39. Ne2 Rhg4 40. Rcc1 Qg6 41. Rh1+ Kg7 42. Rh2 Kf8 43. Rb8+ Ke7 44. Rxg8 Qxg8 45. Qh3 Kd8 46. Kc4 Kc8 47. Rh1 Kd7 48. Kd3 Ke7 49. Rh2 Kd8 50. Kc4 c6 51. Nc3 Kc8 52. Qh6 Rg6 53. Qh7 Qxh7 54. Rxh7 c5 55. Ra7 Bb8 56. Rf7 Rxg2 57. Kxc5 Rc2 58. Kc4 Bd6 59. Ra7 Rc1 60. Rxa6 f3 61. Rxd6 f2 62. Rf6 f1=Q+ 63. Rxf1 Rxf1 64. a4 Ra1 65. Kb5 Rc1 66. Kb4 Kb7 67. Nb5 Ka6 68. Nd6 Rb1+ 69. Kc5 Ra1 70. Nc4 Re1 71. d6 Rxe4 72. d7 Rd4 73. Nd6 1-0

[Event "Turkish Cup 2024"]
[Site "Denizli"]
[Date "2024.08.02"]
[Round "6"]
[White "Bilir, Ibrahim"]
[Black "Hatirli, Ugur Can"]
[Result "0-1"]
[ECO "B43"]
[WhiteElo "1830"]
[BlackElo "1948"]
[Annotator "ChessBase"]
[PlyCount "84"]
[EventDate "2024.08.01"]
[EventType "swiss"]
[EventCountry "TUR"]
[SourceTitle "playchess.com"]
[Source "ChessBase"]
[SourceQuality "1"]
[TimeControl "5400+30"]

1. e4 c5 2. Nf3 e6 3. d4 cxd4 4. Nxd4 a6 5. Nc3 b5 6. g3 Bb7 7. Bg2 b4 8. Na4 Nf6 9. f3 d5 10. e5 Nfd7 11. f4 Qa5 12. c3 Nc6 13. O-O Nxd4 14. cxd4 Bc6 15. b3 Bxa4 16. bxa4 Nb6 17. f5 exf5 18. Qc2 Be7 19. Qc6+ Kd8 20. Qc2 g6 21. g4 Rc8 22. Qd1 Nxa4 23. gxf5 Nc3 24. Qg4 h5 25. Qf3 Rc6 26. f6 Bf8 27. Be3 g5 28. Bxg5 h4 29. Kh1 h3 30. Bxh3 Ne4 31. Rac1 Rc3 32. Rxc3 bxc3 33. e6 Bd6 34. e7+ Kc7 35. Bf4 Qxa2 36. Bxd6+ Kxd6 37. Bg2 Qd2 38. h3 a5 39. Kg1 Rg8 40. Qf4+ Qxf4 41. Rxf4 c2 42. Rf1 Ng3 0-1

[Event "Turkish Cup 2024"]
[Site "Denizli"]
[Date "2024.08.02"]
[Round "6"]
[White "Adiguzel, Hakan"]
[Black "Kocakaplan, Emre"]
[Result "1/2-1/2"]
[ECO "C72"]
[WhiteElo "1821"]
[BlackElo "1926"]
[Annotator "NA"]
[PlyCount "31"]
[EventDate "2024.08.01"]
[EventType "swiss"]
[EventCountry "TUR"]
[SourceTitle "playchess.com"]
[Source "ChessBase"]
[SourceQuality "1"]
[TimeControl "5400+30"]

1. e4 e5 2. Nf3 Nc6 3. Bb5 a6 4. Ba4 d6 5. O-O Bd7 6. d4 Nxd4 7. Bxd7+ Qxd7 8. Nxd4 exd4 9. Qxd4 Nf6 10. Bg5 Be7 11. Nc3 O-O 12. e5 Ne8 13. Bxe7 Qxe7 14. Rfe1 dxe5 15. Rxe5 Qd6 16. Rd1 1/2-1/2

[Event "Turkish Cup 2024"]
[Site "Denizli"]
[Date "2024.08.02"]
[Round "6"]
[White "Sadik, Muhammed Selim"]
[Black "Zuberoglu, Ibrahim Berk"]
[Result "0-1"]
[ECO "D00"]
[WhiteElo "1798"]
[BlackElo "1870"]
[Annotator "NA"]
[PlyCount "124"]
[EventDate "2024.08.01"]
[EventType "swiss"]
[EventCountry "TUR"]
[SourceTitle "playchess.com"]
[Source "ChessBase"]
[SourceQuality "1"]
[TimeControl "5400+30"]

1. d4 Nf6 2. Nf3 g6 3. Nc3 d5 4. Bf4 Bg7 5. Nb5 Na6 6. e3 O-O 7. Nc3 c5 8. Bxa6 bxa6 9. dxc5 Qa5 10. O-O Qxc5 11. Be5 Rd8 12. Qd4 Qc6 13. Qb4 Qe6 14. Ne2 Bf8 15. Rfd1 Ng4 16. Bg3 Qc6 17. h3 Nh6 18. Ned4 Qb6 19. Qxb6 axb6 20. Bc7 Rd7 21. Bxb6 Rb8 22. Bc5 Rxb2 23. Rdb1 Rdb7 24. Rxb2 Rxb2 25. Ba3 Rb7 26. Rc1 Rc7 27. Bb4 Nf5 28. Nb3 h5 29. Nfd2 e5 30. Ba5 Rc6 31. c4 Ba3 32. Rc2 Nd6 33. c5 Bf5 34. e4 Nxe4 35. Nxe4 Bxe4 36. Rd2 Bxc5 37. Nxc5 Rxc5 38. Bb4 Rb5 39. Bd6 d4 40. f4 f6 41. fxe5 fxe5 42. Re2 d3 43. Rd2 Kf7 44. Kf2 Ke6 45. Bf8 Kd5 46. Ke3 a5 47. a3 Rb1 48. Rf2 Re1+ 49. Kd2 Rg1 50. h4 Kc4 51. Bd6 Kd5 52. Bc7 a4 53. Ke3 Re1+ 54. Kd2 Ra1 55. Ke3 Rxa3 56. Rf6 Bf5 57. Ra6 Ra2 58. Ra5+ Kc4 59. Bd6 Re2+ 60. Kf3 Bg4+ 61. Kg3 d2 62. Rxa4+ Kb3 0-1

[Event "Turkish Cup 2024"]
[Site "Denizli"]
[Date "2024.08.02"]
[Round "6"]
[White "Madsman, Berk"]
[Black "Ekinci, Berkay"]
[Result "1/2-1/2"]
[ECO "B30"]
[WhiteElo "1797"]
[BlackElo "1976"]
[Annotator "ChessBase"]
[PlyCount "91"]
[EventDate "2024.08.01"]
[EventType "swiss"]
[EventCountry "TUR"]
[SourceTitle "playchess.com"]
[Source "ChessBase"]
[SourceQuality "1"]
[TimeControl "5400+30"]

1. e4 c5 2. Nf3 Nc6 3. Bb5 e6 4. O-O Nge7 5. c3 d5 6. exd5 Qxd5 7. d4 cxd4 8. c4 Qd8 9. Nxd4 Bd7 10. Nc3 Nxd4 11. Qxd4 Bc6 12. Be3 Qxd4 13. Bxd4 Nf5 14. Bxc6+ bxc6 15. Ne2 c5 16. Bc3 O-O-O 17. Rfd1 Be7 18. b3 Rhe8 19. Kf1 f6 20. g4 Nh4 21. Rxd8+ Bxd8 22. Bd2 Nf3 23. Bf4 e5 24. Bg3 h5 25. gxh5 f5 26. Kg2 Nd4 27. Re1 Bc7 28. f3 Kd7 29. Rd1 Kc6 30. Nc3 Rh8 31. Nd5 Bd6 32. Re1 Rxh5 33. Bxe5 Bxe5 34. Rxe5 Rxh2+ 35. Kxh2 Nxf3+ 36. Kg3 Nxe5 37. Ne7+ Kb6 38. Nxf5 Nd3 39. Nxg7 Nc1 40. Kf4 Nxa2 41. Ke3 Nc1 42. Ne6 Nxb3 43. Kd3 a5 44. Kc3 a4 45. Kb2 Nd4 46. Nxc5 1/2-1/2

[Event "Turkish Cup 2024"]
[Site "Denizli"]
[Date "2024.08.02"]
[Round "6"]
[White "Bozdag, Armagan Emre"]
[Black "Saygin, Nurettin"]
[Result "1-0"]
[ECO "A20"]
[WhiteElo "1794"]
[BlackElo "1937"]
[Annotator "ChessBase"]
[PlyCount "137"]
[EventDate "2024.08.01"]
[EventType "swiss"]
[EventCountry "TUR"]
[SourceTitle "playchess.com"]
[Source "ChessBase"]
[SourceQuality "1"]
[TimeControl "5400+30"]

1. a3 e5 2. c4 Nf6 3. d3 c5 4. Nc3 d5 5. cxd5 Nxd5 6. Nf3 Nc6 7. g3 Be7 8. Nxd5 Qxd5 9. Bg2 O-O 10. O-O Qd6 11. Be3 h6 12. Nd2 Nd4 13. Nc4 Qe6 14. Rb1 Rb8 15. b4 cxb4 16. axb4 b5 17. Nd2 Bb7 18. Bxb7 Rxb7 19. Bxd4 exd4 20. Nf3 Bf6 21. Qd2 Re8 22. Rb2 Rbe7 23. Re1 g5 24. Qd1 Qf5 25. Kg2 Qd5 26. h3 h5 27. Kh2 g4 28. Ng1 Qf5 29. Rf1 h4 30. hxg4 Qxg4 31. e4 hxg3+ 32. fxg3 Qg6 33. Rf5 Be5 34. Qf3 f6 35. Rh5 Rg7 36. Ne2 Rc8 37. Rh3 Rf8 38. Nf4 Bxf4 39. Qxf4 f5 40. Rf2 Rgf7 41. Qh4 Qg7 42. exf5 Rxf5 43. Rxf5 Rxf5 44. Qd8+ Qf8 45. Qxf8+ Kxf8 46. Rh4 Rd5 47. Kg2 Kg7 48. Kf3 a6 49. Rf4 Kg6 50. Ke4 Rd7 51. Ke5 a5 52. bxa5 Ra7 53. Kxd4 Rxa5 54. Kc5 Ra3 55. d4 Rxg3 56. Kxb5 Rc3 57. d5 Kg5 58. Rf1 Rc2 59. d6 Rd2 60. Kc6 Rc2+ 61. Kd7 Kg6 62. Kd8 Rc3 63. d7 Rc2 64. Rf4 Rc1 65. Ke7 Re1+ 66. Kd6 Rd1+ 67. Ke6 Re1+ 68. Kd5 Kg5 69. Rd4 1-0

[Event "Turkish Cup 2024"]
[Site "Denizli"]
[Date "2024.08.02"]
[Round "6"]
[White "Saricam, Ege"]
[Black "Bulgurlu, Okan"]
[Result "0-1"]
[ECO "B01"]
[WhiteElo "1794"]
[BlackElo "1964"]
[Annotator "ChessBase"]
[PlyCount "106"]
[EventDate "2024.08.01"]
[EventType "swiss"]
[EventCountry "TUR"]
[SourceTitle "playchess.com"]
[Source "ChessBase"]
[SourceQuality "1"]
[TimeControl "5400+30"]

1. e4 d5 2. exd5 Qxd5 3. Nc3 Qd6 4. d4 Nf6 5. Nf3 a6 6. Be2 b5 7. Ne5 Bb7 8. Bf3 c6 9. Bf4 Qb4 10. Rb1 e6 11. a3 Qa5 12. b4 Qb6 13. O-O a5 14. bxa5 Qa6 15. Nd3 Bxa3 16. Ra1 Be7 17. Bc7 Nbd7 18. Na2 Qa7 19. Nab4 Rc8 20. Be5 Nxe5 21. dxe5 Nd5 22. Nxd5 cxd5 23. Qd2 O-O 24. Rfb1 Qd4 25. Ra2 Ba6 26. Qe3 Qxe3 27. fxe3 Rc4 28. Kf2 Rfc8 29. Ne1 f6 30. Be2 R4c5 31. Rab2 Rb8 32. Nd3 Rc3 33. Bg4 Kf7 34. Ke1 Ra3 35. exf6 gxf6 36. Bh5+ Kg7 37. Nf4 Rxe3+ 38. Kd2 Re4 39. Re1 Rxf4 40. Rxe6 Ba3 41. Rb3 Bc8 42. Rb6 Rxb6 43. axb6 Rd4+ 44. Ke3 Re4+ 45. Kd2 b4 46. c3 bxc3+ 47. Kd3 Bb4 48. Bf3 Bf5 49. Bxe4 Bxe4+ 50. Kd4 c2 51. Rxb4 c1=Q 52. b7 Qg1+ 53. Kc3 d4+ 0-1

[Event "Turkish Cup 2024"]
[Site "Denizli"]
[Date "2024.08.02"]
[Round "6"]
[White "Atayman, Evren"]
[Black "Celik, Ege Yigit"]
[Result "0-1"]
[ECO "B33"]
[WhiteElo "1785"]
[BlackElo "1949"]
[Annotator "ChessBase"]
[PlyCount "82"]
[EventDate "2024.08.01"]
[EventType "swiss"]
[EventCountry "TUR"]
[SourceTitle "playchess.com"]
[Source "ChessBase"]
[SourceQuality "1"]
[TimeControl "5400+30"]

1. e4 c5 2. Nf3 Nc6 3. d4 cxd4 4. Nxd4 Qb6 5. Nb3 Nf6 6. Nc3 e6 7. Be3 Qc7 8. a3 a6 9. f4 d6 10. g4 Be7 11. Bg2 b5 12. h4 Bb7 13. g5 Nd7 14. Qe2 Rc8 15. h5 b4 16. axb4 Nxb4 17. O-O-O Nb6 18. Kb1 Nc4 19. Bc1 O-O 20. g6 Bf6 21. gxh7+ Kh8 22. h6 g6 23. f5 Kxh7 24. fxg6+ fxg6 25. e5 Bxe5 26. Bxb7 Qxb7 27. Ne4 Rf5 28. Nec5 Qb5 29. Nd3 Nxc2 30. Nbc5 Rxc5 31. Qg2 N4a3+ 32. Ka2 Nb4+ 33. Nxb4 Qxb4 34. Rhg1 g5 35. Rgf1 Nc2 36. Kb1 Qa5 37. Qxc2 Rxc2 38. Kxc2 Qa4+ 39. Kb1 Qe4+ 40. Ka1 Bf4 41. Rfe1 Ra5# 0-1

[Event "Turkish Cup 2024"]
[Site "Denizli"]
[Date "2024.08.02"]
[Round "6"]
[White "Tufan, Kerem"]
[Black "Tutuncu, Ali"]
[Result "0-1"]
[ECO "B06"]
[WhiteElo "1783"]
[BlackElo "2041"]
[Annotator "ChessBase"]
[PlyCount "70"]
[EventDate "2024.08.01"]
[EventType "swiss"]
[EventCountry "TUR"]
[SourceTitle "playchess.com"]
[Source "ChessBase"]
[SourceQuality "1"]
[TimeControl "5400+30"]

1. e4 g6 2. d4 Bg7 3. Nc3 d6 4. Be3 a6 5. Qd2 b5 6. h4 h6 7. h5 g5 8. Nge2 e6 9. Ng3 Ne7 10. Bd3 Nd7 11. Nce2 Bb7 12. a4 bxa4 13. Rxa4 c5 14. c3 cxd4 15. cxd4 Nb6 16. Ra3 d5 17. exd5 Nexd5 18. O-O O-O 19. f4 gxf4 20. Bxf4 Nxf4 21. Qxf4 f5 22. Bb1 Qd5 23. Qf2 Nc4 24. Ba2 f4 25. Ne4 Qxe4 26. Bxc4 Rad8 27. Qf3 Bxd4+ 28. Kh1 Qxf3 29. Bxe6+ Kh8 30. gxf3 Be3 31. Bc4 Rf5 32. Raa1 Rxh5+ 33. Kg2 Rd7 34. Nxf4 Rg7+ 35. Ng6+ Rxg6# 0-1

[Event "Turkish Cup 2024"]
[Site "Denizli"]
[Date "2024.08.02"]
[Round "6"]
[White "Saltik, Suleyman"]
[Black "Turgut, Hakan"]
[Result "0-1"]
[ECO "E14"]
[WhiteElo "1776"]
[BlackElo "2052"]
[Annotator "ChessBase"]
[PlyCount "112"]
[EventDate "2024.08.01"]
[EventType "swiss"]
[EventCountry "TUR"]
[SourceTitle "playchess.com"]
[Source "ChessBase"]
[SourceQuality "1"]
[TimeControl "5400+30"]

1. d4 Nf6 2. Nf3 e6 3. e3 c5 4. c4 b6 5. Nc3 cxd4 6. exd4 Bb7 7. Bf4 Bb4 8. Bd3 O-O 9. O-O d5 10. cxd5 exd5 11. Nb5 Nc6 12. a3 Be7 13. Rc1 a6 14. Nc3 b5 15. Ne5 Nxe5 16. Bxe5 Nd7 17. Bf4 Rc8 18. Bf5 g6 19. Bg4 f5 20. Bf3 Nf6 21. Be5 Ne4 22. Bxe4 fxe4 23. Qb3 Rf7 24. Ne2 Bg5 25. Rc3 Rc4 26. f4 exf3 27. Rcxf3 Re7 28. Rf8+ Qxf8 29. Rxf8+ Kxf8 30. Bd6 Kg7 31. Bxe7 Bxe7 32. h3 Bf6 33. Qd3 Bc8 34. g4 Be6 35. b3 Rc7 36. Kg2 Bf7 37. Kg3 Re7 38. a4 Bg5 39. Kg2 Re3 40. Qd1 h5 41. gxh5 Be6 42. Ng1 Bf5 43. hxg6 Bh4 44. Ne2 Bxh3+ 45. Kh1 Bg4 46. Qf1 Bf3+ 47. Kg1 Kxg6 48. Nf4+ Kh6 49. Qh3 Re1+ 50. Qf1 Rxf1+ 51. Kxf1 b4 52. Nd3 a5 53. Nc5 Bd1 54. Nb7 Bxb3 55. Nxa5 Bxa4 56. Ke2 b3 0-1